 Dungeon Crawl Stone Soup version 0.29.1-14-g9c671dbff4 (webtiles) character file.

Game seed: 4730181029263612628

64 bnorton916 the Magician (level 3, -3/16 (19) HPs)
             Began as a Deep Elf Fire Elementalist on Feb 12, 2023.
             Slain by a necrophage (7 damage)
             ... on level 2 of the Dungeon.
             The game lasted 00:01:49 (2638 turns).

bnorton916 the Magician (DEFE)                      Turns: 2638, Time: 00:01:50

HP:   -3/16 (19)    AC:  3    Str:  5    XL:     3   Next: 91%
MP:   10/10         EV: 12    Int: 21    God:
Gold: 106           SH:  0    Dex: 15    Spells: 9/10 levels left

rFire   . . .      SeeInvis .   (no weapon)
rCold   . . .      Faith    .   (no shield)
rNeg    . . .      Spirit   .   a - +0 robe
rPois   .          Reflect  .   (no helmet)
rElec   .          Harm     .   (no cloak)
rCorr   .          Rampage  .   r - +0 pair of gloves
Will    .....                   (no boots)
Stlth   ++........              (no amulet)
HPRegen 0.05/turn               (no ring)
MPRegen 0.12/turn               (no ring)

@: heavily drained
A: no striking features
a: no special abilities


You were on level 2 of the Dungeon.
You visited 1 branch of the dungeon, and saw 3 of its levels.

You collected 106 gold pieces.

Inventory:

Hand Weapons
 c - a +2 dagger of venom
Missiles
 f - 4 curare-tipped darts
 m - 6 poisoned darts
Armour
 a - a +0 robe (worn)
 r - a +0 pair of gloves (worn)
Jewellery
 k - a +4 ring of evasion
 n - an amulet of the acrobat
Scrolls
 h - a scroll of enchant weapon {unknown}
 j - 2 scrolls of blinking
 l - 3 scrolls of identify
Potions
 b - 2 potions of magic
 d - a potion of invisibility {unknown}
 e - 3 potions of mutation {unknown}
 g - a potion of cancellation {unknown}
 i - a potion of attraction {unknown}
 o - 2 potions of might {unknown}
 p - a potion of curing {unknown}
 q - a potion of heal wounds {unknown}


   Skills:
 - Level 2.4 Dodging
 - Level 2.4 Stealth
 + Level 4.1 Spellcasting
 + Level 2.4 Conjurations
 + Level 4.1 Fire Magic


You had 9 spell levels left.
You knew the following spells:

 Your Spells              Type           Power      Damage    Failure   Level
a - Foxfire               Conj/Fire      72%        2x1d7     3%          1

Your spell library contained the following spells:

 Spells                   Type           Power      Damage    Failure   Level
 Scorch                   Fire           42%        2d7       3%          2
 Conjure Flame            Conj/Fire      18%        6-21      9%          3
 Inner Flame              Hex/Fire       13%        N/A       16%         3
 Blink                    Tloc           8%         N/A       19%         2
 Flame Wave               Conj/Fire      18%        2d7       30%         4
 Lesser Beckoning         Tloc           4%         N/A       34%         3
 Manifold Assault         Tloc           4%         N/A       97%         5


Dungeon Overview and Level Annotations

Branches:
Dungeon (3/15)

Altars:

Shops:
D:1 :   D:2 *


Message History

Done exploring.
Done exploring.
(D) Dungeon
Where to? (Enter - D:2 @ (x,y), ? - help)
There is an open door here.
There is an open door here.
There is a stone staircase leading down here.
You climb downwards.
There is a stone staircase leading up here.
Done exploring.
Done exploring.
Done exploring.
Done exploring.
Done exploring.
(D) Dungeon
Where to? (Enter - D:2, ? - help)
There is a stone staircase leading down here.
You climb downwards.
There is a stone staircase leading up here.
A necrophage comes into view.
The necrophage moves out of view.
An endoplasm comes into view.
There are monsters nearby!
The necrophage attacks as you move away!
The necrophage hits you.
You feel drained.
The necrophage attacks as you move away!
The necrophage hits you.
You feel drained.
* * * LOW HITPOINT WARNING * * *
The necrophage attacks as you move away!
The necrophage hits you.
* * * LOW HITPOINT WARNING * * *
There is a stone staircase leading up here.
The necrophage hits you but does no damage.
You climb upwards.
There is a stone staircase leading down here.
As you read the scroll labelled XETZER SYOLL, it crumbles to dust.
It is a scroll of identify.
j - 2 scrolls of blinking The necrophage hits you!
You die...

########## ##......#.##
############ ##..........##
#..........# #............#
#..........# #............##
#..........# #.............##
#...........
#..........†...####...........
#..........##.)##.............
##...........@................
#..........#.n...##...........
#..........#.....##...........
#..........#.....####.........
#..........#.....# #.........
#..........#.....# #.........
##........###....# ####......
##......## #....# #####......
######## #....###..........


You could see a necrophage.

Vanquished Creatures
  2 adders (D:2)
  2 dart slugs (D:2)
  An orc (D:2)
  3 bats
  5 endoplasms
  A giant cockroach (D:1)
  3 hobgoblins (D:2)
  5 jackals
  A quokka (D:1)
  5 ball pythons
  2 frilled lizards
  2 goblins (D:1)
  3 kobolds (D:2)
  3 rats (D:2)
38 creatures vanquished.

Vanquished Creatures (others)
  216 foxfires
216 creatures vanquished.

Grand Total: 254 creatures vanquished

Notes
Turn   | Place    | Note
-------+----------+-------------------------------------------
     0 | D:1      | bnorton916 the Deep Elf Fire Elementalist began the quest
                  | for the Orb.
     0 | D:1      | Reached XP level 1. HP: 10/10 MP: 6/6
   449 | D:1      | Reached XP level 2. HP: 15/15 MP: 5/8
   474 | D:1      | Found Doristra's Vocational Training.
   591 | D:1      | Found a faded altar of an unknown god.
  1127 | D:2      | Found Xaed's General Store.
  1470 | D:2      | Reached XP level 3. HP: 19/19 MP: 7/10
  2630 | D:3      | Noticed a necrophage
  2638 | D:2      | Slain by a necrophage

Illustrated notes

Levels and vault maps discovered:
D:1:      dpeg_arrival_connections, layout_basic,
          shapermc_ecumenical_altar_mp_highgroup, nicolae_shop_vocational
D:2:      layout_rooms, serial_shops, shop
D:3:      layout_basic, serial_bayou, serial_bayou_crossing,
          serial_bayou_pond_d, serial_bayou_pond_d, serial_bayou_pond_e,
          uniq_ijyb

Skill      XL: |  1  2  3 |
---------------+----------+-----
Conjurations   | 2 |  2.4
Spellcasting   | 4 |  4.1
Fire Magic     | 4 |  4.1
Dodging        | |  2.4
Stealth        | |  2.4

Action                   || total
-------------------------++-------
 Cast: Foxfire           ||   130
  Use: Scroll            ||     1
Armor: Robe              ||     4
Dodge: Dodged            ||    16
